 Dungeon Crawl Stone Soup version 0.31-a0-152-g6aa68a64a1 (webtiles) character file.

Game seed: 4814242717356493127

1734578 Anon1729 the Rapturous (level 22, 223/234 HPs)
             Began as a Minotaur Monk on June 9, 2023.
             Was a Follower of Uskayaw.
             Escaped with the Orb
             ... and 3 runes!
             The game lasted 01:12:42 (54488 turns).

Anon1729 the Rapturous (Minotaur Monk)             Turns: 54488, Time: 01:12:43

Health: 223/234    AC: 31    Str: 33 (36) XL:     22   Next: 73%
Magic:  25/25      EV: 12    Int:  4 (5)  God:    Uskayaw [*.....]
Gold:   77         SH:  5    Dex:  8 (15) Spells: 21/21 levels left

rFire   + + +        T - +10 war axe of the Middle {drain, rPois rC- Will+ Str+9}
rCold   . . .        d - orb {light}
rNeg    . . .        t - +3 gold dragon scales
rPois   +            H - +2 hat
rElec   .            B - +1 cloak "Enezaul" {rF+}
rCorr   .            y - +0 pair of gloves
SInv    .            q - +2 pair of boots
Will    ++...        I - amulet of reflection Stlth
                     f - +6 ring of strength
HPRegen 0.59/turn    N - ring of fire
MPRegen 0.19/turn

%: reflection
@: glowing
A: horns 2, retaliatory headbutt, claws 1, thin skeletal structure 1, clumsy 1,
cold resistance 1, deformed body, deterioration 2, dopey 1, low MP 3, robust 1,
screaming 2, weak 2, subdued magic 1, inability to drink after injury 2,
inability to read after injury 2
0: Orb of Zot
}: 3/15 runes: decaying, serpentine, abyssal
a: Renounce Religion, Stomp


You escaped.
You worshipped Uskayaw.
Uskayaw was greatly pleased with you.
You visited 9 branches of the dungeon, and saw 41 of its levels.
You visited the Abyss 1 time.

You collected 3544 gold pieces.
You spent 3467 gold pieces at shops.

Inventory:

Hand Weapons
 r - the +7 broad axe of Psychosis {flame, rF- Str+5}
   (You found it on level 1 of the Elven Halls)

   Str:       It affects your strength (+5).
   rF:        It makes you vulnerable to fire.
 T - the +10 war axe of the Middle (weapon) {drain, rPois rC- Will+ Str+9}
   (You took it off a salamander mystic on level 1 of the Snake Pit)

   Str:       It affects your strength (+9).
   rC:        It makes you vulnerable to cold.
   rPois:     It protects you from poison.
   Will:      It increases your willpower.
Missiles
 D - 4 throwing nets
Armour
 d - an orb of light (worn)
 q - a +2 pair of boots (worn)
 t - +3 gold dragon scales (worn)
 y - a +0 pair of gloves (worn)
 B - the +1 cloak "Enezaul" (worn) {rF+}
   (You found it on level 4 of the Swamp)

   rF:        It protects you from fire.
 H - a +2 hat (worn)
 W - the +0 scale mail of Freedom {rElec rPois rN+ Regen+}
   (You bought it in a shop on level 2 of the Orcish Mines)

   rElec:     It insulates you from electricity.
   rPois:     It protects you from poison.
   rN:        It protects you from negative energy.
   Regen:     It increases your rate of health regeneration.
 X - the +9 plate armour of Henotheism {Dex+3}
   (You bought it in a shop on level 2 of the Orcish Mines)

   Dex:       It affects your dexterity (+3).
Jewellery
 f - a +6 ring of strength (left hand)
 g - a ring of protection from cold
 o - a ring of resist corrosion
 p - a ring of protection from cold
 s - a +5 ring of evasion
 w - an amulet of the acrobat
 I - an amulet of reflection (around neck)
 J - a ring of flight
 N - a ring of fire (right hand)
 V - a ring of fire
Wands
 u - a wand of polymorph (13)
 G - a wand of digging (28)
 O - a wand of roots (26)
 Q - a wand of paralysis (34)
 R - a wand of acid (1)
Scrolls
 e - 3 scrolls of teleportation
 h - 4 scrolls of vulnerability
 i - 4 scrolls of silence
 j - 5 scrolls of poison
 v - 6 scrolls of immolation
 x - 4 scrolls of amnesia
 E - 3 scrolls of enchant weapon
 Z - 3 scrolls of brand weapon
Potions
 b - a potion of might
 c - 3 potions of curing
 l - a potion of ambrosia
 n - 2 potions of enlightenment
 A - 3 potions of brilliance
 C - a potion of attraction
 F - a potion of invisibility
 U - 3 potions of magic
 Y - 3 potions of lignification
Miscellaneous
 m - a piece from Xom's chessboard (15/15)
 z - a condenser vane
 K - a phantom mirror
 P - a phial of floods
 S - a sack of spiders


   Skills:
 + Level 21.5 Fighting
 + Level 21.5 Axes
 + Level 20.7 Armour
 + Level 19.5 Dodging
 * Level 23.1 Invocations


You had 21 spell levels left.
You didn't know any spells.
Your spell library contained the following spells:

 Spells                   Type           Power      Damage    Failure   Level
 Apportation              Tloc           0%         N/A       99%         1
 Magic Dart               Conj           0%         1d3       99%         1
 Necrotise                Necr           0%         1d4       99%         1
 Summon Small Mammal      Summ           0%         N/A       99%         1
 Call Imp                 Summ           0%         N/A       99%         2
 Cigotuvi's Dreadful Rot  Necr/Pois/Air  0%         N/A       99%         2
 Ensorcelled Hibernation  Hex/Ice        0%         N/A       99%         2
 Passwall                 Tmut/Erth      0%         N/A       99%         2
 Poisonous Vapours        Pois/Air       0%         N/A       99%         2
 Sublimation of Blood     Necr           0%         N/A       99%         2
 Frozen Ramparts          Ice            0%         1d1       100%        3
 Hailstorm                Conj/Ice       0%         3d3       100%        3
 Mephitic Cloud           Conj/Pois/Air  0%         N/A       100%        3
 Portal Projectile        Hex/Tloc       0%         N/A       100%        3
 Swiftness                Air            0%         N/A       100%        3
 Tukima's Dance           Hex            0%         N/A       100%        3
 Vhi's Electric Charge    Tloc/Air       0%         N/A       100%        3
 Dispel Undead            Necr           0%         3d6       100%        4
 Ice Form                 Ice/Tmut       0%         N/A       100%        4
 Passage of Golubria      Tloc           0%         N/A       100%        4
 Petrify                  Tmut/Erth      0%         N/A       100%        4
 Summon Ice Beast         Ice/Summ       0%         N/A       100%        4
 Arcjolt                  Conj/Air       0%         1d10      100%        5
 Blade Hands              Tmut           0%         N/A       100%        5
 Fireball                 Conj/Fire      0%         3d3       100%        5
 Freezing Cloud           Conj/Ice/Air   0%         6-21      100%        5
 Irradiate                Conj/Tmut      0%         3d11      100%        5
 Iskenderun's Battlesphe  Conj           0%         2d6       100%        5
 Metabolic Englaciation   Hex/Ice        0%         N/A       100%        5
 Summon Mana Viper        Hex/Summ       0%         N/A       100%        5
 Yara's Violent Unravell  Hex/Tmut       0%         3d3       100%        5
 Conjure Ball Lightning   Conj/Air       0%         3x3d6     100%        6
 Death Channel            Necr           0%         N/A       100%        6
 Leda's Unmaking          Conj/Erth      0%         9d1       100%        6
 Plasma Beam              Fire/Air       0%         2x1d10    100%        6
 Simulacrum               Ice/Necr       0%         N/A       100%        6
 Statue Form              Tmut/Erth      0%         N/A       100%        6
 Monstrous Menagerie      Summ           0%         N/A       100%        7
 Orb of Destruction       Conj           0%         9d5       100%        7
 Spellforged Servitor     Conj/Summ      0%         N/A       100%        7
 Maxwell's Capacitive Co  Air            0%         ∞         100%        8


Dungeon Overview and Level Annotations

Branches:
Dungeon (15/15)            Temple (1/1) D:5            Lair (5/5) D:8
  Swamp (4/4) Lair:2        Snake (4/4) Lair:2        Slime (0/5) Lair:5
    Orc (2/2) D:11            Elf (1/3) Orc:2        Vaults (0/5) D:14
 Depths (4/4) D:15            Zot (5/5) Depths:4

Altars:
Ashenzari
Cheibriados
Dithmenos
Fedhas
Gozag
Hepliaklqana
Kikubaaqudgha
Makhleb
Nemelex Xobeh
Okawaru
Qazlal
Ru
Sif Muna
Trog
Uskayaw
Vehumet
Wu Jian
Xom
Yredelemnul
Zin
The Shining One

Shops:
D:7 [   D:8 *   D:9 [   D:10 (   D:11 [   D:15 ?   Orc:2 [?:?   Snake:1 [:
Snake:3 ?:?   Snake:4 !:[   Depths:1 *

Portals:
Hell: Depths:1
Abyss: Depths:1
Pandemonium: Depths:2

Annotations:
D:8 2 transporters, Takeo's ghost, novice OgBe
D:15 3 runed translucent doors, Layddamu's ghost, journeyman HuFi; Roxanne
Lair:1 exclusion: oklob plant
Elf:1 1 runed translucent door


Innate Abilities, Weirdness & Mutations

You have a pair of horns on your head.
You reflexively headbutt those who attack you in melee.
You have sharp fingernails.
You have a somewhat thin skeletal structure. (Dex +2, Stealth+)
You are clumsy. (Dex -2)
Your flesh is cold resistant. (rC+)
Armour fits poorly on your strangely shaped body.
Your body often deteriorates upon taking damage.
You are dopey. (Int -2)
Your magical capacity is extremely low. (-30% MP)
You are robust. (+10% HP)
You frequently scream uncontrollably at your foes.
You are very weak. (Str -4)
Your spells are a little easier to cast, but a little less powerful.
You sometimes lose the ability to drink potions when taking damage.
You sometimes lose the ability to read scrolls when taking damage.


Message History

The cherub is lightly wounded.
You closely miss the cherub.
The cherub is lightly wounded.
You block the cherub's attack.
The cherub bites you but does no damage.
You miss the cherub. Your headbutt misses the cherub.
The cherub is lightly wounded.
The cherub hits you but does no damage.
The cherub bites you but does no damage.
You barely miss the cherub. Your headbutt misses the cherub.
The cherub is lightly wounded.
You miss the cherub.
The cherub is lightly wounded.
The cherub hits you but does no damage. x2
You slash the cherub! Your headbutt misses the cherub.
The cherub is moderately wounded.
The cherub closely misses you. You furiously retaliate!
You headbutt the cherub! The cherub completely misses you.
You hit the cherub.
The cherub is heavily wounded.
You slice the cherub!! You headbutt the cherub.
The cherub is almost dead.
The cherub hits you but does no damage.
The cherub pecks you but does no damage.
You slash the cherub!
You kill the cherub!
(D) Dungeon (T) Temple (L) Lair (S) Swamp (P) Snake Pit (M) Slime Pits (O) Orcish Mines (E) Elven Halls (V) Vaults (U) Depths (H) Hell (Z) Zot
Where to? (Enter - D:1, ? - help)
What level of the Dungeon? (default 1, ? - help)
You scream at the hellwing! x2 5 hellwings come into view.
You scream at the hellwing!
The hellwing gives a chilling moan. x4
There is a stone staircase leading up here.
You climb upwards.
There is a stone staircase leading down here.
There is a staircase leading out of the dungeon here.
You have escaped!

#.##.........###....#### #.
#.##.....#.......#.#.#######.
#.##......##.##.##.#.#.......
#.###......#..###.###########
#.# #....####.#.#.#### #.#
#......#####.### #.#
##..###..###.####### #.#
##..####..~~##∩#.>## #.#
##.###@##~~..###..##### ##.#
#..#####.###..##.....# #(>#
##....##.#####...###..
#.#############.#.#.########..
#.).........###.###..####...#.
########..####.## ##.####...##
#.### #.# #...##...# #..##
#.#######.....[# ##.#
#.....######...#


There were no monsters in sight!

Vanquished Creatures
  4 dread liches
  Tiamat (Zot:1)
  9 orbs of fire
  3 ancient liches
  A juggernaut (Depths:4)
  Josephina (Depths:4)
  4 Killer Klowns
  5 golden dragons
  2 electric golems
  2 bone dragons
  10 tentacled monstrosities
  A hellephant (Abyss:4)
  3 liches
  25 Orb Guardians
  The ghost of Totaag the Slayer, an adept MiFi of Okawaru (Swamp:4)
  2 quicksilver dragons
  A tentacled starspawn (Abyss:3)
  3 Executioners
  A sphinx (Depths:1)
  The ghost of Cyhav the Fencer, an adept HuFi of the Shining One (Snake:2)
  8 storm dragons
  8 death cobs
  A thorn hunter (Swamp:4)
  2 shadow dragons
  7 nagarajas
  7 draconian monks
  2 fire giants
  The ghost of Gakh the Fighter, a journeyman DrAr of Makhleb (Swamp:4)
  4 fenstrider witches (Swamp:4)
  3 draconian knights
  The ghost of Foxy the Peltast, an adept GrFi of the Shining One (Swamp:4)
  3 ghost moths (Zot:5)
  Louise (D:15)
  5 frost giants
  6 draconian shifters
  The ghost of Qiekomn the Thrower, a journeyman DsBe of Trog (Swamp:4)
  2 balrugs
  2 orc warlords
  2 ghouls (Swamp:4)
  A draconian stormcaller (Zot:2)
  A draconian annihilator (Zot:3)
  4 draconian scorchers
  2 reapers (Swamp:4)
  10 very ugly things
  3 stone giants
  10 green draconians
  9 purple draconians
  A lorocyproca (Abyss:3)
  8 white draconians
  4 eleionomae
  9 black draconians
  2 deep elf annihilators (Elf:1)
  7 yellow draconians
  6 bunyips
  5 red draconians
  11 ettins
  A blizzard demon (Depths:2)
  3 fire dragons
  2 deep elf high priests
  A great orb of eyes (D:15)
  4 shambling mangroves (Swamp:4)
  A yaktaur captain (Depths:4)
  17 hydras
  3 ice dragons
  6 rakshasas
  2 vault guards (D:14)
  2 ghost crabs (Swamp:3)
  Erica (D:8)
  12 anacondas
  A hell beast (D:12)
  5 salamander tyrants
  5 catoblepae
  9 centaur warriors
  11 two-headed ogres
  7 ogre magi
  A death knight (D:13)
  6 dancing weapons
  3 boulder beetles
  11 naga warriors
  3 alligators
  4 hell hogs (Abyss:3)
  6 tengu warriors
  6 death yaks (Lair:5)
  A deep troll earth mage (Depths:2)
  4 deep troll shamans
  17 naga sharpshooters
  4 deep elf knights (Elf:1)
  6 spriggan berserkers
  12 thrashing horrors
  3 wretched stars (Abyss:3)
  5 shock serpents
  10 spriggans
  A soul eater (Abyss:3)
  2 sun demons (Zot:4)
  2 sixfirhies
  9 skeletal warriors
  3 skysharks
  3 salamander mystics (Snake:1)
  4 sea snakes
  A death drake (Swamp:4)
  A cherub (D:2)
  A spriggan druid (Swamp:3)
  4 iron trolls
  A flayed ghost (D:14)
  An orb spider (Abyss:3)
  9 deep trolls
  5 goliath frogs
  2 glowing orange brains
  A spriggan simulacrum (Depths:4)
  5 swamp dragons
  9 bog bodies
  10 naga ritualists
  A phantasmal warrior (Abyss:3)
  2 deep elf archers (Elf:1)
  An anaconda skeleton (Abyss:3)
  A lindwurm (Swamp:4)
  Pikel (D:7)
  12 deep elf pyromancers
  16 large abominations
  3 wizards (Swamp:4)
  A fenstrider witch simulacrum (Abyss:3)
  10 deep elf zephyrmancers (Elf:1)
  7 cyclopes
  6 mana vipers
  4 orc sorcerers
  4 manticores
  26 moths of wrath
  7 will-o-the-wisps
  10 ugly things
  17 salamanders
  9 elephants (Lair:4)
  A worldbinder (Abyss:3)
  Maurice (Orc:2)
  A rust devil (Depths:2)
  36 black mambas
  11 guardian serpents (Snake:4)
  Joseph (D:8)
  2 orange demons (Swamp:4)
  4 smoke demons (Abyss:3)
  23 naga magi
  11 cane toads
  2 molten gargoyles (Lair:3)
  Maggie (D:10)
  A gargoyle (D:11)
  A torpor snail (Lair:4)
  An efreet (Abyss:3)
  A storm dragon simulacrum (Depths:4)
  9 komodo dragons
  A freezing wraith (Abyss:2)
  3 rime drakes
  2 kobold demonologists (D:14)
  An ancient zyme (Abyss:2)
  2 tengu conjurers
  A tengu simulacrum (Depths:4)
  A polar bear (Lair:3)
  4 hellwings
  9 trolls
  14 blink frogs
  Prince Ribbit (D:8)
  7 tyrant leeches
  19 hornets
  6 dream sheep
  6 flying skulls (Abyss:3)
  A wraith (D:10)
  A centaur simulacrum (D:15)
  5 shadows
  9 slime creatures
  Sigmund (D:2)
  A ynoxinul (Abyss:4)
  2 fire elementals
  5 water elementals
  8 humans (D:14)
  59 yaks
  2 fire bats (Abyss:4)
  5 basilisks
  5 wyverns
  6 chaos spawn
  4 steam dragons
  11 neqoxecs
  Edmund (D:5)
  2 wargs
  14 vampire mosquitoes
  12 swamp worms
  A naga (shapeshifter) (D:15)
  34 nagas
  An acid dragon (D:11)
  19 water moccasins
  3 swamp drakes
  A floating eye (shapeshifter) (D:15)
  24 orc warriors
  2 black bears
  2 sky beasts
  27 ogres
  19 wolves
  14 centaurs
  16 starcursed masses
  The ghost of mopl the Slasher, an amateur TeWr (D:3)
  3 kobold brigands
  4 small abominations
  Blork the orc (D:6)
  11 bullfrogs
  A gnoll sergeant (D:3)
  A glowing shapeshifter simulacrum (Depths:4)
  A scorpion (D:5)
  A wyvern zombie (D:3)
  10 wights
  7 electric eels
  2 howler monkeys
  5 lava snakes (Lair:3)
  A bullfrog zombie (D:3)
  2 quasits (Abyss:3)
  12 orc priests
  2 gnoll boudas
  A hound (D:4)
  3 jellies
  Crazy Yiuf (D:3)
  2 iguanas
  Ijyb (D:4)
  21 orc wizards
  A killer bee zombie (D:3)
  Robin (D:3)
  11 adders
  16 gnolls
  2 shadow imps (D:5)
  4 white imps
  3 ufetubi (D:6)
  A worm (D:2)
  99 orcs
  8 endoplasms
  4 giant cockroaches
  16 goblins
  5 hobgoblins
  9 jackals
  5 quokkas
  8 ball pythons
  6 bats
  2 frilled lizards
  13 kobolds
  A rat (D:2)
  2 starspawn tentacles (Abyss:3)
1458 creatures vanquished.

Vanquished Creatures (collateral kills)
  A swamp worm (Swamp:4)
1 creature vanquished.

Vanquished Creatures (others)
  A draconian monk (Zot:2)
  A draconian knight (Depths:4)
  A deep elf pyromancer (Elf:1)
  4 bloated husks
  A large abomination (Abyss:3)
  2 humans (D:14)
  A harpy simulacrum (Abyss:4)
  A swamp worm (Swamp:4)
  24 foxfires
  4 starspawn tentacles
40 creatures vanquished.

Grand Total: 1499 creatures vanquished

Notes
Turn   | Place    | Note
-------+----------+-------------------------------------------
     0 | D:1      | Anon1729 the Minotaur Monk began the quest for the Orb.
     0 | D:1      | Reached XP level 1. HP: 19/19 MP: 0/0
   168 | D:1      | Reached XP level 2. HP: 14/27 MP: 1/1
   651 | D:2      | Reached skill level 1 in Armour
   659 | D:2      | Reached XP level 3. HP: 23/33 MP: 2/2
  1396 | D:2      | Reached XP level 4. HP: 41/41 MP: 3/3
  1455 | D:2      | Noticed Sigmund
  1459 | D:2      | Killed Sigmund
  1460 | D:2      | Reached skill level 5 in Fighting
  1460 | D:2      | Reached skill level 5 in Axes
  1460 | D:2      | Reached XP level 5. HP: 39/48 MP: 4/4
  1784 | D:3      | Noticed Robin
  1796 | D:3      | Killed Robin
  1799 | D:3      | Reached XP level 6. HP: 56/56 MP: 5/5
  2017 | D:3      | Identified the +7 hammer "Ox" {freeze, Int+3}
  2023 | D:3      | Found a runed translucent door.
  2024 | D:3      | Noticed Crazy Yiuf
  2083 | D:3      | Found a runed translucent gate.
  2083 | D:3      | Found a runed translucent gate.
  2083 | D:3      | Found a runed translucent gate.
  2089 | D:3      | Noticed mopl's ghost (amateur TeWr)
  2485 | D:3      | Killed mopl's ghost
  2488 | D:3      | Reached skill level 5 in Dodging
  2612 | D:3      | Killed Crazy Yiuf
  2613 | D:3      | Reached XP level 7. HP: 62/62 MP: 6/6
  3995 | D:4      | Noticed Ijyb
  4009 | D:4      | Killed Ijyb
  4010 | D:4      | Reached skill level 5 in Armour
  4643 | D:5      | Entered Level 5 of the Dungeon
  4658 | D:5      | Reached XP level 8. HP: 42/71 MP: 7/7
  4783 | D:5      | Found a broken altar of Ashenzari.
  5119 | D:5      | Found a staircase to the Ecumenical Temple.
  5153 | D:5      | Noticed Edmund
  5165 | D:5      | Killed Edmund
  5192 | Temple   | Entered the Ecumenical Temple
  5321 | Temple   | Became a worshipper of Uskayaw the Reveller
  5321 | Temple   | Reached * piety under Uskayaw
  5606 | D:5      | Reached ** piety under Uskayaw
  5610 | D:5      | Reached *** piety under Uskayaw
  5614 | D:5      | Reached **** piety under Uskayaw
  6009 | D:6      | Noticed Blork the orc
  6015 | D:6      | Killed Blork the orc
  6106 | D:6      | Reached ***** piety under Uskayaw
  6519 | D:6      | Found an ornate altar of the Wu Jian Council.
  6519 | D:6      | Found a radiant altar of Vehumet.
  6804 | D:7      | Reached XP level 9. HP: 43/80 MP: 8/8
  7851 | D:7      | Found Cofusif's Armour Shoppe.
  7969 | D:8      | Found a transporter.
  7973 | D:8      | Found a transporter.
  7974 | D:8      | Noticed a moth of wrath
  7980 | D:8      | Noticed Takeo's ghost (novice OgBe)
  7992 | D:8      | Found Cinuareg's General Store.
  7996 | D:8      | Noticed Pikel
  8016 | D:7      | Killed Pikel
  8091 | D:8      | Bought a scroll of fear for 56 gold pieces
  8153 | D:8      | Noticed Joseph
  8159 | D:8      | Noticed Erica
  8177 | D:8      | Killed Joseph
  8178 | D:8      | Reached XP level 10. HP: 36/91 MP: 9/9
  8180 | D:8      | Reached ****** piety under Uskayaw
  8185 | D:8      | Killed Erica
  8186 | D:8      | Reached skill level 1 in Invocations
  8188 | D:8      | Reached skill level 2 in Invocations
  8200 | D:8      | Noticed Prince Ribbit
  8242 | D:8      | Killed Prince Ribbit
  8441 | D:8      | Reached skill level 3 in Invocations
  8487 | D:8      | Found a bloodstained altar of Trog.
  8495 | D:8      | Noticed a two-headed ogre
  8552 | D:8      | Found a staircase to the Lair.
  8556 | D:8      | Reached skill level 10 in Fighting
  8568 | D:8      | Reached skill level 10 in Axes
  8656 | D:8      | Reached skill level 4 in Invocations
  8866 | D:8      | Found a shimmering altar of Xom.
  9236 | D:9      | Reached skill level 5 in Invocations
  9291 | D:9      | Reached XP level 11. HP: 59/101 MP: 13/13
  9857 | D:9      | Noticed a deep elf pyromancer
  9867 | D:9      | Killed a deep elf pyromancer
 10571 | D:9      | Found Famaewet's Armour Boutique.
 10836 | D:10     | Entered Level 10 of the Dungeon
 10864 | D:10     | Noticed Maggie
 10880 | D:10     | Killed Maggie
 10881 | D:10     | Reached skill level 6 in Invocations
 11121 | D:10     | Noticed a boulder beetle
 11359 | D:11     | Found Loux's Armour Shoppe.
 11359 | D:11     | Found a staircase to the Orcish Mines.
 11368 | D:11     | Reached skill level 10 in Armour
 11400 | D:11     | Bought a +2 hat for 192 gold pieces
 11425 | D:11     | Noticed a boulder beetle
 11461 | D:11     | Killed a boulder beetle
 11462 | D:11     | Reached skill level 10 in Dodging
 11685 | D:11     | Noticed a skeletal warrior
 11685 | D:11     | Noticed a skeletal warrior
 11685 | D:11     | Noticed a skeletal warrior
 11936 | D:11     | Noticed a purple ugly thing
 11946 | D:11     | Killed a purple ugly thing
 12018 | D:11     | Reached skill level 7 in Invocations
 12213 | D:10     | Killed a skeletal warrior
 12292 | D:10     | Killed a boulder beetle
 12486 | D:10     | Paralysed by a hornet for 3 turns
 12494 | D:10     | Paralysed by a hornet for 2 turns
 12654 | D:10     | Found Aroq's Weapon Emporium.
 12737 | Lair:1   | Entered Level 1 of the Lair of Beasts
 12854 | Lair:1   | Noticed a catoblepas
 12883 | Lair:1   | Killed a catoblepas
 13057 | Lair:1   | Reached XP level 12. HP: 65/110 MP: 16/16
 13278 | Lair:1   | Reached skill level 8 in Invocations
 14373 | Lair:2   | Identified the +7 whip "Death Rattle" {freeze, Int+3}
 14433 | Lair:2   | Found a staircase to the Swamp.
 14496 | Lair:2   | Reached skill level 9 in Invocations
 14626 | Lair:2   | Found a staircase to the Snake Pit.
 16168 | Lair:3   | Found a burning altar of Makhleb.
 16709 | Lair:4   | Reached skill level 10 in Invocations
 16716 | Lair:4   | Reached XP level 13. HP: 54/119 MP: 19/19
 17930 | Lair:5   | Entered Level 5 of the Lair of Beasts
 18260 | Lair:5   | Reached skill level 11 in Invocations
 19523 | Lair:5   | Reached XP level 14. HP: 109/129 MP: 21/21
 19775 | Lair:5   | Reached skill level 12 in Invocations
 20338 | Lair:5   | Found a staircase to the Slime Pits.
 21715 | Orc:1    | Entered Level 1 of the Orcish Mines
 21858 | Orc:2    | Entered Level 2 of the Orcish Mines
 21858 | Orc:2    | Found a staircase to the Elven Halls.
 21861 | Orc:2    | Noticed an orc warlord
 21882 | Orc:2    | Killed an orc warlord
 22385 | Orc:1    | HP: 6/132 [two-headed ogre/+0 giant club (11)]
 22815 | Orc:1    | Reached skill level 13 in Invocations
 23189 | Orc:2    | Noticed Maurice
 23204 | Orc:2    | Killed Maurice
 23484 | Orc:2    | Found Ozey's Antique Armour Shop.
 23484 | Orc:2    | Found Peanaoce's Magic Scroll Shoppe.
 23485 | Orc:2    | Found Tigrupha's Book Shoppe.
 23485 | Orc:2    | Found Byask's Magic Scroll Boutique.
 23494 | Orc:2    | Bought a scroll of teleportation for 51 gold pieces
 23494 | Orc:2    | Bought a scroll of fear for 68 gold pieces
 23494 | Orc:2    | Bought a scroll of magic mapping for 127 gold pieces
 23495 | Orc:2    | Bought a scroll of identify for 22 gold pieces
 23495 | Orc:2    | Bought a scroll of fear for 44 gold pieces
 23495 | Orc:2    | Bought a scroll of identify for 22 gold pieces
 23614 | Orc:1    | Noticed an orc warlord
 23624 | Orc:1    | Killed an orc warlord
 24385 | D:12     | Reached XP level 15. HP: 68/139 MP: 24/24
 25089 | Orc:2    | Bought a faintly glowing scale mail for 297 gold pieces
 25089 | Orc:2    | Identified the +0 scale mail of Freedom {rElec rPois rN+
                  | Regen+} (You bought it in a shop on level 2 of the Orcish
                  | Mines)
 25089 | Orc:2    | Bought a faintly humming plate armour for 924 gold pieces
 25089 | Orc:2    | Identified the +9 plate armour of Henotheism {Dex+3} (You
                  | bought it in a shop on level 2 of the Orcish Mines)
 26349 | D:14     | Reached skill level 14 in Invocations
 26569 | D:14     | Reached skill level 15 in Fighting
 26613 | D:14     | Reached skill level 15 in Axes
 26787 | D:14     | You fall into a shaft and drop 1 floor!
 26787 | D:15     | Entered Level 15 of the Dungeon
 26891 | D:15     | Noticed Louise
 26910 | D:15     | Killed Louise
 26978 | D:15     | Found Liufelen's Magic Scroll Shop.
 27292 | D:15     | Bought a scroll of teleportation for 42 gold pieces
 27292 | D:15     | Bought 2 scrolls of identify for 56 gold pieces
 27481 | D:15     | Identified Roxanne's Almanac of Sculpting
 27481 | D:15     | Noticed Roxanne
 27701 | D:14     | Found a gate to the Vaults.
 28324 | D:15     | Found a runed translucent gate.
 28325 | D:15     | Found a runed translucent gate.
 28326 | D:15     | Found a runed translucent gate.
 28326 | D:15     | Noticed a fire giant
 28327 | D:15     | Found an iron altar of Okawaru.
 28327 | D:15     | Noticed Layddamu's ghost (journeyman HuFi)
 28448 | D:15     | Found a staircase to the Depths.
 28457 | D:15     | Paralysed by a floating eye for 4 turns
 28791 | Elf:1    | Entered Level 1 of the Elven Halls
 28791 | Elf:1    | Found a runed translucent gate.
 28791 | Elf:1    | Found a runed translucent gate.
 28791 | Elf:1    | Found a runed translucent gate.
 28791 | Elf:1    | Found a runed translucent gate.
 28791 | Elf:1    | Found a runed translucent gate.
 28791 | Elf:1    | Found a runed translucent gate.
 28797 | Elf:1    | Found a runed translucent door.
 28818 | Elf:1    | Found a runed translucent door.
 29141 | Elf:1    | Reached skill level 15 in Invocations
 29244 | Elf:1    | Reached XP level 16. HP: 123/149 MP: 26/26
 29807 | Elf:1    | Reached skill level 15 in Armour
 29816 | Elf:1    | Identified the +7 broad axe of Psychosis {flame, rF- Str+5}
 30269 | Swamp:1  | Entered Level 1 of the Swamp
 30372 | Snake:1  | Entered Level 1 of the Snake Pit
 30502 | Snake:1  | Found Dohicsi's Armour Shoppe.
 30818 | Snake:1  | Found Qevank's Book Shop.
 32325 | Snake:1  | Identified the +10 war axe of the Middle {drain, rPois rC-
                  | Will+ Str+9}
 32697 | Snake:2  | Reached skill level 16 in Invocations
 32913 | Snake:2  | Found a runed translucent door.
 32914 | Snake:2  | Noticed Cyhav's ghost (adept HuFi)
 33883 | Snake:2  | Killed Cyhav's ghost
 34023 | Snake:2  | Got the Book of Ice
 34327 | Snake:3  | Found Ceahiluc's Magic Scroll Emporium.
 34327 | Snake:3  | Found Qekkuhaj's Book Shoppe.
 34331 | Snake:3  | Found Vimilom's Magic Scroll Emporium.
 34335 | Snake:3  | Bought a scroll of blinking for 127 gold pieces
 34335 | Snake:3  | Bought a scroll of enchant armour for 127 gold pieces
 34345 | Snake:3  | Bought a scroll of identify for 40 gold pieces
 34345 | Snake:3  | Bought a scroll of blinking for 150 gold pieces
 34345 | Snake:3  | Bought a scroll of teleportation for 60 gold pieces
 34345 | Snake:3  | Bought a scroll of fear for 80 gold pieces
 34345 | Snake:3  | Bought a scroll of immolation for 80 gold pieces
 34513 | Snake:3  | Reached skill level 15 in Dodging
 34929 | Snake:3  | Reached XP level 17. HP: 150/160 MP: 28/28
 35459 | Snake:4  | Entered Level 4 of the Snake Pit
 35518 | Snake:4  | Found Cafaz's Antique Armour Shop.
 35526 | Snake:4  | Bought a pair of runed boots for 202 gold pieces
 35647 | Snake:4  | Found Nacut's Book Boutique.
 35768 | Snake:4  | Found Tilocysm's Distillery.
 36265 | Snake:4  | Reached skill level 17 in Invocations
 36432 | Snake:4  | Found an iron altar of Okawaru.
 37476 | Snake:4  | Got a serpentine rune of Zot
 38023 | Swamp:2  | Found a sacrificial altar of Ru.
 38313 | Swamp:2  | Reached XP level 18. HP: 163/170 MP: 29/29
 39632 | Swamp:3  | Reached skill level 18 in Invocations
 39954 | Swamp:4  | Entered Level 4 of the Swamp
 40660 | Swamp:4  | Gained mutation: Your body sometimes deteriorates upon
                  | taking damage. [a neqoxec]
 40661 | Swamp:4  | Gained mutation: You occasionally shout uncontrollably at
                  | your foes. [a neqoxec]
 40667 | Swamp:4  | Lost mutation: You occasionally shout uncontrollably at
                  | your foes. [potion of mutation]
 40667 | Swamp:4  | Lost mutation: Your body sometimes deteriorates upon taking
                  | damage. [potion of mutation]
 40667 | Swamp:4  | Gained mutation: You are frail. (-10% HP) [potion of
                  | mutation]
 40667 | Swamp:4  | Gained mutation: You are resistant to electric shocks.
                  | (rElec) [potion of mutation]
 40667 | Swamp:4  | Gained mutation: You have supernaturally acute eyesight.
                  | (SInv) [potion of mutation]
 40887 | Abyss:2  | Cast into level 2 of the Abyss (a wizard)
 41319 | Abyss:3  | Found a candlelit altar of Ignis.
 41428 | Abyss:3  | Gained mutation: You are clumsy. (Dex -2) [a neqoxec]
 41431 | Abyss:3  | Lost mutation: You have supernaturally acute eyesight.
                  | (SInv) [potion of mutation]
 41431 | Abyss:3  | Lost mutation: You are frail. (-10% HP) [potion of
                  | mutation]
 41431 | Abyss:3  | Lost mutation: You are resistant to electric shocks.
                  | (rElec) [potion of mutation]
 41431 | Abyss:3  | Gained mutation: Armour fits poorly on your strangely
                  | shaped body. [potion of mutation]
 41431 | Abyss:3  | Gained mutation: You are resistant to electric shocks.
                  | (rElec) [potion of mutation]
 41431 | Abyss:3  | Gained mutation: Your mind is acute. (Int +4, Str/Dex -1)
                  | [potion of mutation]
 41432 | Abyss:3  | Lost mutation: Armour fits poorly on your strangely shaped
                  | body. [potion of mutation]
 41432 | Abyss:3  | Lost mutation: You are clumsy. (Dex -2) [potion of
                  | mutation]
 41432 | Abyss:3  | Lost mutation: Your mind is acute. (Int +4, Str/Dex -1)
                  | [potion of mutation]
 41432 | Abyss:3  | Gained mutation: You possess an exceptional clarity of
                  | mind. [potion of mutation]
 41432 | Abyss:3  | Gained mutation: Your spells are a little easier to cast,
                  | but a little less powerful. [potion of mutation]
 41432 | Abyss:3  | Gained mutation: You have sharp fingernails. [potion of
                  | mutation]
 41432 | Abyss:3  | Gained mutation: You are robust. (+10% HP) [potion of
                  | mutation]
 41654 | Abyss:3  | Noticed an ancient lich
 41659 | Abyss:3  | Killed an ancient lich
 41660 | Abyss:3  | Reached skill level 19 in Invocations
 41665 | Abyss:3  | Reached XP level 19. HP: 137/198 MP: 23/31
 41671 | Abyss:3  | Noticed a bone dragon
 41673 | Abyss:3  | Killed a bone dragon
 41838 | Abyss:4  | Noticed a hellephant
 41862 | Abyss:4  | Killed a hellephant
 41886 | Abyss:4  | Noticed a bone dragon
 41947 | Abyss:4  | Gained mutation: You have hidden genetic defects. [a
                  | neqoxec]
 41953 | Abyss:4  | Noticed an ancient lich
 41960 | Abyss:4  | Noticed an ancient lich
 41963 | Abyss:4  | Got an abyssal rune of Zot
 41980 | Abyss:4  | Killed an ancient lich
 41992 | Abyss:4  | Killed an ancient lich
 41995 | Swamp:4  | Escaped the Abyss
 42117 | Swamp:4  | Gained mutation: Your magical capacity is low. (-10% MP) [a
                  | neqoxec]
 42186 | Swamp:4  | Gained mutation: Armour fits poorly on your strangely
                  | shaped body. [hidden defects]
 42393 | Swamp:3  | Lost mutation: Armour fits poorly on your strangely shaped
                  | body. [potion of mutation]
 42393 | Swamp:3  | Lost mutation: You have hidden genetic defects. [potion of
                  | mutation]
 42393 | Swamp:3  | Lost mutation: You are resistant to electric shocks.
                  | (rElec) [potion of mutation]
 42393 | Swamp:3  | Lost mutation: Your spells are a little easier to cast, but
                  | a little less powerful. [potion of mutation]
 42393 | Swamp:3  | Gained mutation: Your flesh is cold resistant. (rC+)
                  | [potion of mutation]
 42393 | Swamp:3  | Gained mutation: You have a somewhat thin skeletal
                  | structure. (Dex +2, Stealth+) [potion of mutation]
 42663 | Swamp:4  | Found a runed translucent gate.
 42663 | Swamp:4  | Found a runed translucent gate.
 42663 | Swamp:4  | Found a runed translucent gate.
 42663 | Swamp:4  | Noticed Foxy's ghost (adept GrFi)
 42665 | Swamp:4  | Noticed Totaag's ghost (adept MiFi)
 42667 | Swamp:4  | Noticed Qiekomn's ghost (journeyman DsBe)
 42681 | Swamp:4  | Noticed Gakh's ghost (journeyman DrAr)
 42968 | Swamp:4  | Got a decaying rune of Zot
 43060 | Swamp:4  | Killed Gakh's ghost
 43070 | Swamp:4  | Killed Foxy's ghost
 43072 | Swamp:4  | Killed Totaag's ghost
 43079 | Swamp:4  | Killed Qiekomn's ghost
 43099 | Swamp:4  | Identified the +1 cloak "Enezaul" {rF+}
 43114 | Swamp:4  | Identified the +9 battleaxe "Weegg" {flame, Will- Str+2
                  | Dex+4}
 43115 | Swamp:4  | Identified the staff of fire "Qeedd" {rF+ rN+ Str+5}
 43408 | Depths:1 | Entered Level 1 of the Depths
 43448 | Depths:1 | Found a one-way gate to the infinite horrors of the Abyss.
 43564 | Depths:1 | Found a gateway to Hell.
 43870 | Depths:1 | Found Ynirok's Mass Market.
 44257 | Depths:2 | Found a one-way gate leading to the halls of Pandemonium.
 44299 | Depths:2 | Reached skill level 20 in Invocations
 44980 | Depths:2 | Reached XP level 20. HP: 159/210 MP: 29/29
 45369 | Depths:4 | Entered Level 4 of the Depths
 45369 | Depths:4 | Noticed a juggernaut
 45384 | Depths:4 | Killed a juggernaut
 45677 | Depths:3 | Identified the +0 scale mail of Exclusion {rN++ Str+4
                  | Int-3}
 45755 | Depths:4 | Identified the ring "Faddu" {Ice Will- Int+5}
 45755 | Depths:4 | Noticed Josephina
 45768 | Depths:4 | Killed Josephina
 45785 | Depths:4 | Noticed a bone dragon
 45787 | Depths:4 | Found a gate to the Realm of Zot.
 45791 | Depths:4 | Killed a bone dragon
 46030 | Zot:1    | Entered Level 1 of the Realm of Zot
 46030 | Zot:1    | Noticed a dread lich
 46030 | Zot:1    | Noticed a Killer Klown
 46031 | Zot:1    | Noticed a Killer Klown
 46039 | Zot:1    | Killed a dread lich
 46041 | Zot:1    | Killed a Killer Klown
 46045 | Zot:1    | Killed a Killer Klown
 46391 | Zot:1    | Noticed a golden dragon
 46399 | Zot:1    | Killed a golden dragon
 46424 | Zot:1    | Found the +4 dragonskin cloak
 46424 | Zot:1    | Noticed Tiamat
 46432 | Zot:1    | Reached skill level 21 in Invocations
 46693 | Zot:1    | Killed Tiamat
 47065 | Zot:2    | Reached XP level 21. HP: 63/221 MP: 31/31
 47837 | Zot:4    | Noticed a golden dragon
 47848 | Zot:4    | Killed a golden dragon
 48371 | Zot:4    | Noticed an orb of fire
 48371 | Zot:4    | Gained mutation: You have hidden genetic defects. [an orb
                  | of fire]
 48390 | Zot:4    | Gained mutation: You are clumsy. (Dex -2) [an orb of fire]
 48391 | Zot:4    | Gained mutation: Your spells are a little easier to cast,
                  | but a little less powerful. [an orb of fire]
 48393 | Zot:4    | Gained mutation: Armour fits poorly on your strangely
                  | shaped body. [an orb of fire]
 48397 | Zot:4    | Killed an orb of fire
 49148 | Snake:4  | Bought a potion of cancellation for 112 gold pieces
 49148 | Snake:4  | Bought a potion of haste for 140 gold pieces
 49148 | Snake:4  | Bought a potion of might for 56 gold pieces
 49148 | Snake:4  | Bought a potion of curing for 42 gold pieces
 49148 | Snake:4  | Bought 2 potions of heal wounds for 140 gold pieces
 49148 | Snake:4  | Bought 2 potions of heal wounds for 140 gold pieces
 49148 | Snake:4  | Bought a potion of berserk rage for 70 gold pieces
 49617 | Zot:5    | Entered Level 5 of the Realm of Zot
 49844 | Zot:5    | Noticed a golden dragon
 49847 | Zot:5    | Noticed a golden dragon
 49853 | Zot:5    | Reached skill level 22 in Invocations
 50262 | Zot:4    | Killed a golden dragon
 50381 | Zot:4    | Gained mutation: You occasionally lose the ability to read
                  | scrolls when taking damage. [hidden defects]
 50422 | Zot:5    | Noticed a dread lich
 50434 | Zot:4    | Killed a golden dragon
 50563 | Zot:4    | Paralysed by a dread lich for 3 turns
 50572 | Zot:4    | Killed a dread lich
 50605 | Zot:5    | Noticed an orb of fire
 50617 | Zot:5    | Killed an orb of fire
 50735 | Zot:5    | Noticed a dread lich
 50736 | Zot:5    | Paralysed by a dread lich for 3 turns
 50746 | Zot:5    | Killed a dread lich
 50881 | Zot:5    | Gained mutation: Your body sometimes deteriorates upon
                  | taking damage. [hidden defects]
 50881 | Zot:5    | Lost mutation: You have hidden genetic defects. [hidden
                  | defects expressed]
 50992 | Zot:4    | Reached XP level 22. HP: 205/232 MP: 32/32
 51188 | Zot:4    | Noticed a golden dragon
 51200 | Zot:4    | Killed a golden dragon
 51227 | Zot:5    | Noticed an orb of fire
 51237 | Zot:5    | Gained mutation: You occasionally shout uncontrollably at
                  | your foes. [an orb of fire]
 51241 | Zot:5    | Killed an orb of fire
 51382 | Zot:5    | Noticed an orb of fire
 51388 | Zot:5    | Gained mutation: Your magical capacity is very low. (-20%
                  | MP) [an orb of fire]
 51398 | Zot:5    | Killed an orb of fire
 51503 | Zot:5    | Noticed an orb of fire
 51504 | Zot:5    | Noticed a Killer Klown
 51507 | Zot:5    | Noticed an orb of fire
 51508 | Zot:5    | Noticed an orb of fire
 51510 | Zot:5    | Gained mutation: Your magical capacity is extremely low.
                  | (-30% MP) [an orb of fire]
 51511 | Zot:5    | Noticed an orb of fire
 51512 | Zot:5    | Noticed a Killer Klown
 51514 | Zot:5    | Gained mutation: Your body often deteriorates upon taking
                  | damage. [an orb of fire]
 51767 | Zot:5    | Gained mutation: You occasionally lose the ability to drink
                  | potions when taking damage. [an orb of fire]
 51769 | Zot:5    | Gained mutation: You are weak. (Str -2) [an orb of fire]
 51775 | Zot:5    | Gained mutation: You are very weak. (Str -4) [an orb of
                  | fire]
 51780 | Zot:4    | Gained mutation: You are dopey. (Int -2) [an orb of fire]
 51781 | Zot:4    | Gained mutation: You frequently scream uncontrollably at
                  | your foes. [an orb of fire]
 51792 | Zot:4    | Killed an orb of fire
 51793 | Zot:4    | Killed an orb of fire
 51799 | Zot:5    | Killed an orb of fire
 51850 | Zot:5    | Noticed a dread lich
 51866 | Zot:4    | Killed an orb of fire
 52358 | Zot:4    | Killed a dread lich
 52389 | Zot:5    | Killed a Killer Klown
 52583 | Zot:5    | Noticed an orb of fire
 52584 | Zot:5    | Gained mutation: You sometimes lose the ability to read
                  | scrolls when taking damage. [an orb of fire]
 52598 | Zot:5    | Killed an orb of fire
 52606 | Zot:5    | Killed a Killer Klown
 53331 | Zot:5    | Identified the +11 spear of Patterns {drain, Fly rF++}
 53378 | Zot:5    | Reached skill level 23 in Invocations
 53621 | Zot:5    | Got the Orb of Zot
 53893 | Depths:1 | Noticed Vyvvoimia the pandemonium lord
 54126 | D:11     | Noticed Wimmaopp the pandemonium lord
 54430 | D:4      | Lost mutation: You possess an exceptional clarity of mind.
                  | [a neqoxec]
 54433 | D:4      | Gained mutation: You sometimes lose the ability to drink
                  | potions when taking damage. [a neqoxec]
 54488 | D:$      | Escaped with the Orb!

Illustrated notes

Levels and vault maps discovered:
D:1:      spicycebolla_green_bress_n_ham_2, layout_rooms
D:2:      layout_basic, uniq_sigmund
D:3:      minmay_general_purpose_star, layout_loops_ring,
          gammafunk_ghost_necromancy, dk_noncrumbling_3, uniq_robin,
          uniq_crazy_yiuf_cottage
D:4:      layout_layer_cave, uniq_ijyb
D:5:      layout_rooms, nicolae_ashenzari_panopticon,
          minmay_temple_entry_poolview, uniq_edmund
D:6:      black_bear_nest_1, layout_basic, gammafunk_temple_overflow_elements,
          uniq_blork_the_orc
D:7:      layout_basic, nicolae_overflow_hidden_temple, serial_shops, shop
D:8:      layout_basic, tgw_xom, minmay_lair_entry_grove, serial_shops,
          nicolae_shop_waterfront, gammafunk_ghost_wrathful_warriors,
          uniq_prince_ribbit1, uniq_erica, uniq_joseph, uniq_pikel
D:9:      layout_layer_cave, serial_shops, nicolae_shop_tiny_real_fake_doors
D:10:     layout_small_grid, serial_shops, nicolae_shop_rolling_square,
          uniq_maggie
D:11:     layout_loops_cross, orc_david_3
D:12:     layout_basic, fungi_pond_lemuel
D:13:     nooodl_glass_maze, layout_rooms
D:14:     layout_cave_pools, ximxim_vaults_locker_room, kennysheep_pointless_box
D:15:     gammafunk_enter_depths_forms, layout_small_grid, serial_shops, shop,
          gammafunk_ghost_fury_of_okawaru, kennysheep_crisscross, uniq_louise,
          uniq_roxanne
Temple:   minmay_temple_bridge_d
Lair:1:   layout_regular_city, st_stairs_9, minmay_lair_oklob_items,
          serial_bayou_pond_d, lemuel_fruit_tree, serial_bayou_shore_a,
          infiniplex_staircase_pool
Lair:2:   layout_regular_city, minmay_swamp_entry_wisps,
          guppyfry_snake_entry_garden, chequers_serial_rivers_small_3,
          nicolae_quartered_pool_impasse, lemuel_fruit_fields,
          grunt_megastairs_3
Lair:3:   cheibrodos_magma_flow, layout_regular_city, basic_altar,
          chequers_serial_rivers_room_a
Lair:4:   layout_gridlike, nicolae_lair_grazing_beasts
          [nicolae_sub_lair_graze_edge, nicolae_sub_lair_graze_edge,
          nicolae_sub_lair_graze_edge, nicolae_sub_lair_graze_edge]
Lair:5:   evilmike_catoblepas_cave, layout_cellular_growth,
          nicolae_slime_entry_slimehenge, serial_bayou_shore_b
Swamp:1:  layout_basic_swamp, nicolae_swamp_bean_lake
Swamp:2:  layout_basic_swamp, lemuel_altar_in_water
Swamp:3:  layout_basic_swamp, evilmike_swamp_ruin_house_3
Swamp:4:  nzn_swamp_witches_coven, layout_basic_swamp, gammafunk_ghost_cemetery
Snake:1:  cheibrodos_snake_lava_hold, layout_gridlike, serial_shops,
          nicolae_shop_trees, nicolae_snake_gridmaze_entwining, drop_trap,
          nicolae_wooded_promenade, nicolae_snake_snake_lake
Snake:2:  layout_chambers, gammafunk_ghost_grave
Snake:3:  layout_layer_cave, guppyfry_snake_island, minmay_shop_star
Snake:4:  grunt_snake_rune_serpentine_throne, layout_cave_town, basic_altar,
          serial_shops, shop, shop, nicolae_shop_overgrown_old_shop
Orc:1:    layout_caves
Orc:2:    st_orc_ogre_mass, layout_caves, basic_altar, uniq_maurice
Elf:1:    nicolae_elf_arrival_dilemma, layout_geoelf_diagonals,
          ploomutoo_gammafunk_ghost_potion_laboratory,
          kennysheep_underground_church
Depths:1: layout_cave_shapes, minmay_misc_feat_alley, hell_entry, abyss_entry,
          minmay_shop_mass, drop_trap, serial_bayou_pond_e,
          nicolae_figureground_pulse, serial_bayou_shore_b
Depths:2: grunt_double_whammy, layout_gridlike, hex_intersection, hell_entry,
          rand_demon_pan_entry_5, onia_ninara_dug_in_and_dangerous
Depths:3: minmay_broken_ring, layout_cave_pools,
          nicolae_abyss_entry_one_way_or_another, pf_hell_entry_great_geh,
          chequers_serial_rivers_room_b
Depths:4: grunt_zot_entry_bicorn, layout_cave_pools, enter_ziggurat_b,
          hell_entry, hellmonk_bongcloud_opening, uniq_josephina
Zot:1:    ebering_klown_carousel, layout_misc_corridors, zot_minivault_4,
          uniq_tiamat
Zot:2:    layout_gridville, grunt_ministairs_3
Zot:3:    nicolae_zot_stationary_front, layout_cathedral_of_symmetry
Zot:4:    nicolae_moth_party, layout_onion_interference
Zot:5:    layout_concentric_octagons, skrybe_zot_glass_1

Skill      XL: |  1  2  3  4  5  6  7  8  9 10 11 12 13 14 15 16 17 18 19 20 21 22 |
---------------+-------------------------------------------------------------------+-----
Armour         | 1 3 4 5 6 8 9 10 11 12 13 14 15 16 17 18 19 20 | 20.7
Fighting       | 4 5 6 8 9 10 11 12 13 14 15 16 17 18 19 20 21 | 21.5
Axes           | 4 5 6 7 9 10 11 12 13 14 15 16 17 18 19 20 21 | 21.5
Dodging        | 4 5 6 7 8 9 10 11 12 13 14 15 16 17 18 19 | 19.5
Invocations    | 5 7 10 11 13 15 16 17 19 20 21 22 23 | 23.1

Action                     |  1- 3 |  4- 6 |  7- 9 | 10-12 | 13-15 | 16-18 | 19-21 | 22-24 || total
---------------------------+-------+-------+-------+-------+-------+-------+-------+-------++-------
  Melee: Hand axe          |    57 |    67 |   245 |   619 |   633 |       |       |       ||  1621
         Headbutt          |     7 |    22 |    72 |   195 |   310 |   274 |   314 |    71 ||  1265
         Mace              |       |    24 |    20 |       |       |       |       |       ||    44
         War axe           |       |       |       |       |   364 |   614 |   324 |   239 ||  1541
         Broad axe         |       |       |       |       |       |   314 |   584 |       ||   898
  Throw: Dart              |       |       |       |    22 |       |       |       |       ||    22
 Invoke: Stomp             |       |       |       |     1 |     5 |       |       |     1 ||     7
         Line Pass         |       |       |       |     1 |     3 |       |       |       ||     4
         Grand Finale      |       |       |       |       |     1 |     4 |     8 |     1 ||    14
  Evoke: Phial of floods   |       |       |       |       |     1 |       |     1 |       ||     2
         Wand              |       |       |       |       |       |     2 |    11 |     4 ||    17
         Piece from Xom's  |       |       |       |       |       |       |     2 |       ||     2
         Phantom mirror    |       |       |       |       |       |       |     1 |       ||     1
    Use: Scroll            |       |       |       |    10 |    12 |    13 |    21 |       ||    56
         Potion            |       |       |       |     1 |     2 |    13 |    22 |     8 ||    46
   Stab: Paralysed         |       |       |    20 |   102 |   222 |   133 |   171 |    32 ||   680
         Confused          |       |       |       |       |     2 |       |       |       ||     2
 Armour: Robe              |    13 |       |       |       |       |       |       |       ||    13
         Scale mail        |       |    32 |    15 |       |     1 |       |       |       ||    48
         Chain mail        |       |       |    94 |   228 |   214 |       |       |       ||   536
         Plate armour      |       |       |       |       |   176 |    19 |       |       ||   195
         Gold dragon scale |       |       |       |       |       |   375 |   430 |   144 ||   949
  Dodge: Dodged            |    38 |    51 |   140 |   307 |   490 |   646 |   663 |   109 ||  2444
  Block: Orb               |       |       |       |       |       |       |    27 |    44 ||    71
         Reflection        |       |       |       |       |       |       |       |     1 ||     1

Table legend: (Time is in decaauts)
 A = Elapsed time spent in this place.
 B = Non-inter-level travel time spent in this place.
 C = Inter-level travel time spent in this place.
 D = Time resting spent in this place.
 E = Time spent auto-exploring this place.
 F = Levels seen in this place.
 G = Mean time per level.
                   A        B        C        D        E       F      G
               +--------+--------+--------+--------+--------+-----+--------+
         Total |  53730 |  50120 |   3610 |  11246 |  30995 |  44 | 1221.1 |
       Dungeon |  19518 |  17972 |   1546 |   1859 |  13830 |  15 | 1301.2 |
        Temple |    202 |    106 |     96 |      0 |     96 |   1 |  202.0 |
          Lair |   8141 |   7664 |    477 |    920 |   5822 |   5 | 1628.2 |
         Swamp |   4501 |   4288 |    213 |    923 |   2528 |   4 | 1125.2 |
     Snake Pit |   7406 |   7032 |    374 |   1159 |   4994 |   4 | 1851.5 |
  Orcish Mines |   1964 |   1800 |    164 |    445 |   1069 |   2 |  982.0 |
   Elven Halls |   1322 |   1179 |    143 |    225 |    666 |   1 | 1322.0 |
        Depths |   2842 |   2546 |    296 |    430 |   1642 |   4 |  710.5 |
           Zot |   6800 |   6502 |    298 |   4948 |    306 |   5 | 1360.0 |
         Abyss |   1030 |   1030 |      0 |    335 |     41 |   3 |  343.3 |
               +--------+--------+--------+--------+--------+-----+--------+

Top non-repeatable levels by time:
   Zot:4: 2385 daAuts
    D:11: 2292 daAuts
 Snake:1: 2271 daAuts
   Zot:5: 2231 daAuts
 Snake:4: 2166 daAuts
  Lair:5: 2115 daAuts
  Lair:4: 1839 daAuts
 Swamp:4: 1781 daAuts
     D:4: 1704 daAuts
     D:9: 1694 daAuts
  Lair:1: 1561 daAuts
 Snake:3: 1511 daAuts
    D:15: 1463 daAuts
 Snake:2: 1457 daAuts
  Lair:3: 1444 daAuts
